BSA
NEW YORK KNIGHTS @ NIAGARA FALLS FRENZY
08/21/2024
 
TOP OF THE 1ST
New York Knights batting - Pitching for Niagara Falls Frenzy : RHP Mark Head
Pitching: RHP Mark Head
Batting: RHB Lonnie Anderson 0-0: Ground out 4-3 (Groundball, 4M)
Batting: RHB Sixto Vélez 0-0: Called Strike
0-1: Ball
1-1: Ball
2-1: Called Strike
2-2: Ball
3-2: Ground out 6-3 (Groundball, 6)
Batting: LHB Troy Donaldson 0-0: Called Strike
0-1: Fly out, F3 (Line Drive, 3S)
Top of the 1st over - 0 run(s), 0 hit(s), 0 error(s), 0 left on base; New York 0 - Niagara Falls 0
BOTTOM OF THE 1ST
Niagara Falls Frenzy batting - Pitching for New York Knights : LHP Hong-ryul Yun
Pitching: LHP Hong-ryul Yun
Batting: RHB Eichiro Yamamoto 0-0: Ball
1-0: Swinging Strike
1-1: SOLO HOME RUN (Flyball, 7D), Distance : 389 ft
Batting: LHB Clyde Yarbrough 0-0: Foul Ball, location: 2F
0-1: Ground out 4-3 (Groundball, 13)
Batting: LHB Dante Owens 0-0: Called Strike
0-1: Foul Ball, location: 2F
0-2: Foul Ball, location: 2F
0-2: Ball
1-2: Ball
2-2: Ground out 5-3 (Groundball, 5S)
Batting: LHB Donovan Bird 0-0: Called Strike
0-1: DOUBLE (Flyball, 8LXD)
Batting: RHB Lawrence Schroeder 0-0: Ball
1-0: Fly out, F7 (Flyball, 78M)
Bottom of the 1st over - 1 run(s), 2 hit(s), 0 error(s), 1 left on base; New York 0 - Niagara Falls 1
TOP OF THE 2ND
New York Knights batting - Pitching for Niagara Falls Frenzy : RHP Mark Head
Batting: LHB Pedro Fernández 0-0: Ball
1-0: Called Strike
1-1: Swinging Strike
1-2: Ball
2-2: Strikes out swinging
Batting: LHB Tom Waller 0-0: Ball
1-0: Called Strike
1-1: Called Strike
1-2: Strikes out swinging
Batting: LHB Nicholas Alston 0-0: Ball
1-0: SINGLE (Line Drive, 8LS)
Batting: RHB Edgardo Gonzáles 0-0: Called Strike
0-1: Ball
1-1: Called Strike
Nicholas Alston steals 2nd base
1-2: Fly out, F9 (Flyball, 89S)
Top of the 2nd over - 0 run(s), 1 hit(s), 0 error(s), 1 left on base; New York 0 - Niagara Falls 1
BOTTOM OF THE 2ND
Niagara Falls Frenzy batting - Pitching for New York Knights : LHP Hong-ryul Yun
Batting: SHB Shumei Yokoyama 0-0: Called Strike
0-1: Ball
1-1: Foul Ball, location: 2F
1-2: Ball
2-2: Foul Ball, location: 2F
2-2: Fly out, F9 (Flyball, 89D)
Batting: RHB Ángel Hinojosa 0-0: Ball
1-0: Called Strike
1-1: Ball
2-1: Ball
3-1: Base on Balls
Batting: RHB Juan Sánchez 0-0: Called Strike
0-1: SINGLE (Groundball, 56D)
Ángel Hinojosa to second
Batting: RHB Juan Carlos Rodríguez 0-0: Ball
1-0: Ball
2-0: Ball
3-0: Called Strike
3-1: Called Strike
3-2: Grounds into double play, U6-3 (Groundball, 6M)
Bottom of the 2nd over - 0 run(s), 1 hit(s), 0 error(s), 1 left on base; New York 0 - Niagara Falls 1
TOP OF THE 3RD
New York Knights batting - Pitching for Niagara Falls Frenzy : RHP Mark Head
Batting: RHB Jesús Maestas 0-0: Ball
1-0: Ball
2-0: Ball
3-0: Called Strike
3-1: Fly out, F7 (Flyball, 7D)
Batting: RHB Keitaro Suzuki 0-0: Called Strike
0-1: Fly out, F8 (Flyball, 8RXD)
Batting: RHB Lonnie Anderson 0-0: Foul Ball, location: 2F
0-1: Ball
1-1: Reached on error, E4 (Groundball, 4)
Batting: RHB Sixto Vélez 0-0: Ball
1-0: Ball
2-0: Called Strike
2-1: Called Strike
Lonnie Anderson steals 2nd base
2-2: SINGLE (Groundball, 5L)
Lonnie Anderson to third
Runner from 3rd tries for Home, SAFE, no throw or cutoff
Batting: LHB Troy Donaldson 0-0: Foul Ball, location: 2F
0-1: SINGLE (Line Drive, 34D)
Sixto Vélez to second
Runner from 2nd tries for 3rd, SAFE, throw made to third
Batting: LHB Pedro Fernández 0-0: Ball
1-0: Foul Ball, location: 2F
1-1: Ball
2-1: Swinging Strike
2-2: Ground out 1-3 (Groundball, 25)
Top of the 3rd over - 1 run(s), 2 hit(s), 1 error(s), 2 left on base; New York 1 - Niagara Falls 1
BOTTOM OF THE 3RD
Niagara Falls Frenzy batting - Pitching for New York Knights : LHP Hong-ryul Yun
Batting: RHB Eichiro Yamamoto 0-0: Bunt for hit - play at first, batter safe!
Batting: LHB Clyde Yarbrough 0-0: Ball
1-0: Ball
2-0: SINGLE (Line Drive, 3D)
Eichiro Yamamoto to second
Batting: LHB Dante Owens 0-0: Called Strike
0-1: Fielders Choice at 2nd, 6-4 (Groundball, 6M)
Eichiro Yamamoto to third
Batting: LHB Donovan Bird 0-0: Ball
1-0: Called Strike
1-1: Called Strike
1-2: Ball
2-2: Foul Ball, location: 2F
2-2: Ball
3-2: SINGLE (Line Drive, 8LS)
Eichiro Yamamoto scores
Dante Owens to second
Batting: RHB Lawrence Schroeder 0-0: Called Strike
0-1: Ball
1-1: Ball
2-1: Grounds into double play, 6-4-3 (Groundball, 6)
Bottom of the 3rd over - 1 run(s), 3 hit(s), 0 error(s), 1 left on base; New York 1 - Niagara Falls 2
TOP OF THE 4TH
New York Knights batting - Pitching for Niagara Falls Frenzy : RHP Mark Head
Batting: LHB Tom Waller 0-0: Called Strike
0-1: Ball
1-1: Swinging Strike
1-2: Strikes out looking
Batting: LHB Nicholas Alston 0-0: Foul Ball, location: 2F
0-1: Reached on Error, E7 (Flyball, 7M)
Batting: RHB Edgardo Gonzáles 0-0: Ball
1-0: Ball
2-0: Foul Ball, location: 2F
2-1: Grounds into double play, 6-4-3 (Groundball, 6)
Top of the 4th over - 0 run(s), 0 hit(s), 1 error(s), 0 left on base; New York 1 - Niagara Falls 2
BOTTOM OF THE 4TH
Niagara Falls Frenzy batting - Pitching for New York Knights : LHP Hong-ryul Yun
Batting: SHB Shumei Yokoyama 0-0: Swinging Strike
0-1: Ball
1-1: Ball
2-1: Called Strike
2-2: Ball
3-2: Base on Balls
Batting: RHB Ángel Hinojosa 0-0: Grounds into double play, 6-4-3 (Groundball, 6)
Batting: RHB Juan Sánchez 0-0: Ball
1-0: Called Strike
1-1: Called Strike
1-2: Strikes out swinging
Bottom of the 4th over - 0 run(s), 0 hit(s), 0 error(s), 0 left on base; New York 1 - Niagara Falls 2
TOP OF THE 5TH
New York Knights batting - Pitching for Niagara Falls Frenzy : RHP Mark Head
Batting: RHB Jesús Maestas 0-0: Called Strike
0-1: Ground out 1-3 (Groundball, 25)
Batting: RHB Keitaro Suzuki 0-0: Called Strike
0-1: Ball
1-1: Ball
2-1: Fly out, F9 (Flyball, 9D)
Batting: RHB Lonnie Anderson 0-0: Ball
1-0: Fly out, F8 (Flyball, 8LM)
Top of the 5th over - 0 run(s), 0 hit(s), 0 error(s), 0 left on base; New York 1 - Niagara Falls 2
BOTTOM OF THE 5TH
Niagara Falls Frenzy batting - Pitching for New York Knights : LHP Hong-ryul Yun
Batting: RHB Juan Carlos Rodríguez 0-0: Called Strike
0-1: Ball
1-1: Ball
2-1: Swinging Strike
2-2: Strikes out swinging
Batting: RHB Eichiro Yamamoto 0-0: Called Strike
0-1: SINGLE (Groundball, 4MD)
Batting: LHB Clyde Yarbrough 0-0: Called Strike
0-1: Fly out, F7 (Flyball, 78S)
Batting: LHB Dante Owens 0-0: Called Strike
Eichiro Yamamoto is caught stealing 2nd base
Bottom of the 5th over - 0 run(s), 1 hit(s), 0 error(s), 0 left on base; New York 1 - Niagara Falls 2
TOP OF THE 6TH
New York Knights batting - Pitching for Niagara Falls Frenzy : RHP Mark Head
Batting: RHB Sixto Vélez 0-0: Called Strike
0-1: Ball
1-1: Swinging Strike
1-2: Ball
2-2: Ball
3-2: Base on Balls
Batting: LHB Troy Donaldson 0-0: Foul Ball, location: 2F
0-1: Swinging Strike
0-2: Grounds out, U3 (Groundball, 3L)
Batting: LHB Pedro Fernández 0-0: Ball
1-0: Ball
2-0: SINGLE (Groundball, 3S)
Sixto Vélez to third
Runner from 3rd tries for Home, SAFE, throw made home
Batting: LHB Tom Waller 0-0: Called Strike
0-1: Fly out, F2 (Popup, 2RF)
Batting: LHB Nicholas Alston 0-0: Called Strike
Pedro Fernández steals 2nd base
0-1: SINGLE (Line Drive, 3L)
Pedro Fernández to third
Runner from 3rd tries for Home, SAFE, no throw or cutoff
Batting: RHB Edgardo Gonzáles 0-0: Called Strike
0-1: Foul Ball, location: 2F
0-2: SINGLE (Groundball, 56D)
Nicholas Alston to second
Batting: RHB Jesús Maestas 0-0: Called Strike
0-1: Ball
1-1: Ball
2-1: Foul Ball, location: 2F
2-2: Foul Ball, location: 2F
2-2: Foul Ball, location: 2F
2-2: Strikes out swinging
Top of the 6th over - 2 run(s), 3 hit(s), 0 error(s), 2 left on base; New York 3 - Niagara Falls 2
BOTTOM OF THE 6TH
Niagara Falls Frenzy batting - Pitching for New York Knights : LHP Hong-ryul Yun
Batting: LHB Dante Owens 0-0: Called Strike
0-1: Ball
1-1: Foul Ball, location: 2F
1-2: Ball
2-2: Foul Ball, location: 2F
2-2: Ball
3-2: TRIPLE (Line Drive, 8RS)
Batting: LHB Donovan Bird 0-0: Called Strike
0-1: Ball
1-1: SINGLE (Flyball, 9LM)
Dante Owens scores
Batting: RHB Lawrence Schroeder 0-0: Foul Ball, location: 2F
0-1: Ball
1-1: Fly out, F9 (Flyball, 9LM)
Batting: SHB Shumei Yokoyama 0-0: Ball
1-0: Foul Ball, location: 2F
1-1: Ball
2-1: Ball
3-1: SINGLE (Groundball, 4MD)
Donovan Bird to second
Batting: RHB Ángel Hinojosa 0-0: Called Strike
0-1: Ball
1-1: Fly out, F8 (Flyball, 8LD)
Runner from 2nd tags up, SAFE at 3rd, no throw
Batting: RHB Juan Sánchez 0-0: Called Strike
0-1: Foul Ball, location: 2F
0-2: Ball
1-2: Foul Ball, location: 2F
1-2: Ball
2-2: Ball
3-2: Strikes out swinging
Bottom of the 6th over - 1 run(s), 3 hit(s), 0 error(s), 2 left on base; New York 3 - Niagara Falls 3
TOP OF THE 7TH
New York Knights batting - Pitching for Niagara Falls Frenzy : RHP Mark Head
Pitching: RHP Ángel Francisco
Batting: RHB Keitaro Suzuki 0-0: Ball
1-0: Ground out 4-3 (Groundball, 4)
Batting: RHB Lonnie Anderson 0-0: Ball
1-0: Ball
2-0: Called Strike
2-1: Foul Ball, location: 2F
2-2: SINGLE (Line Drive, 3D)
Batting: RHB Sixto Vélez 0-0: Called Strike
0-1: Ball
1-1: Called Strike
1-2: DOUBLE (Flyball, 7D)
Lonnie Anderson to third
Runner from 3rd tries for Home, SAFE, no throw or cutoff
Batting: LHB Troy Donaldson 0-0: Intentional Walk
Batting: LHB Pedro Fernández 0-0: Ball
1-0: Ground out 1-3 (Groundball, 2L)
Sixto Vélez to third
Troy Donaldson to second
Batting: LHB Tom Waller 0-0: Called Strike
0-1: Ball
1-1: Ball
2-1: Called Strike
2-2: Strikes out swinging
Top of the 7th over - 1 run(s), 2 hit(s), 0 error(s), 2 left on base; New York 4 - Niagara Falls 3
BOTTOM OF THE 7TH
Niagara Falls Frenzy batting - Pitching for New York Knights : LHP Hong-ryul Yun
Batting: RHB Juan Carlos Rodríguez 0-0: Ball
1-0: Ball
2-0: Called Strike
2-1: SINGLE (Groundball, 4MD)
Batting: RHB Eichiro Yamamoto 0-0: Ball
1-0: Bunt missed!
1-1: Bunted foul
1-2: SINGLE (Line Drive, 6M)
Juan Carlos Rodríguez to second
Batting: LHB Clyde Yarbrough 0-0: Ball
1-0: Sac Bunt - play at first, batter OUT! 1-4
Juan Carlos Rodríguez to third
Eichiro Yamamoto to second
Batting: LHB Dante Owens 0-0: Ball
1-0: Ball
2-0: Foul Ball, location: 2F
2-1: Ground out U3 (Groundball, 3S)
Batting: LHB Donovan Bird 0-0: Ball
1-0: Called Strike
1-1: Ball
2-1: Ball
3-1: Called Strike
3-2: Foul Ball, location: 2F
3-2: Foul Ball, location: 2F
3-2: Foul Ball, location: 2F
3-2: SINGLE (Groundball, 4M)
Juan Carlos Rodríguez scores
Eichiro Yamamoto to third
Eichiro Yamamoto scores
Pitching: RHP Gilberto Barrera
Pinch Hitting: SHB Ray Burgess 0-0: Ball
1-0: Called Strike
1-1: Ball
2-1: DOUBLE (Line Drive, 3L)
Donovan Bird to third
Runner from 3rd tries for Home, SAFE, no throw or cutoff
Batting: SHB Shumei Yokoyama 0-0: Swinging Strike
0-1: Ball
1-1: Swinging Strike
1-2: Ball
2-2: Ball
3-2: Base on Balls
Pinch Hitting: LHB Seung-woo Yi 0-0: Swinging Strike
0-1: Foul Ball, location: 2F
0-2: Ball
1-2: Fly out, F9 (Flyball, 89XD)
Bottom of the 7th over - 3 run(s), 4 hit(s), 0 error(s), 2 left on base; New York 4 - Niagara Falls 6
TOP OF THE 8TH
New York Knights batting - Pitching for Niagara Falls Frenzy : RHP Ángel Francisco
Now at 3B: Seung-woo Yi
Now at SS: Bryce Hester
Batting: LHB Nicholas Alston 0-0: Ball
1-0: Ball
2-0: Swinging Strike
2-1: Fly out, F5 (Popup, 25)
Batting: RHB Edgardo Gonzáles 0-0: SINGLE (Line Drive, 7S)
Batting: RHB Jesús Maestas 0-0: Ball
1-0: Ball
2-0: Ball
3-0: Called Strike
3-1: Fly out, F8 (Popup, 6MD)
Batting: RHB Keitaro Suzuki 0-0: Ground out 5-3 (Groundball, 56S)
Top of the 8th over - 0 run(s), 1 hit(s), 0 error(s), 1 left on base; New York 4 - Niagara Falls 6
BOTTOM OF THE 8TH
Niagara Falls Frenzy batting - Pitching for New York Knights : RHP Gilberto Barrera
Batting: RHB Juan Sánchez 0-0: Swinging Strike
0-1: Fly out, F3 (Popup, 3L)
Batting: RHB Juan Carlos Rodríguez 0-0: Foul Ball, location: 2F
0-1: Ball
1-1: Ball
2-1: Ball
3-1: Ground out 6-3 (Groundball, 6)
Batting: RHB Eichiro Yamamoto 0-0: Called Strike
0-1: Called Strike
0-2: Fly out, F8 (Flyball, 8RS)
Bottom of the 8th over - 0 run(s), 0 hit(s), 0 error(s), 0 left on base; New York 4 - Niagara Falls 6
TOP OF THE 9TH
New York Knights batting - Pitching for Niagara Falls Frenzy : RHP Ángel Francisco
Pitching: LHP Santiago Valentín
Batting: RHB Lonnie Anderson 0-0: Ball
1-0: Called Strike
1-1: Fly out, F9 (Flyball, 89M)
Batting: RHB Sixto Vélez 0-0: Swinging Strike
0-1: Ball
1-1: Foul Ball, location: 2F
1-2: Foul Ball, location: 2F
1-2: Foul Ball, location: 2F
1-2: Strikes out looking
Batting: LHB Troy Donaldson 0-0: Ground out 4-3 (Groundball, 4)
Top of the 9th over - 0 run(s), 0 hit(s), 0 error(s), 0 left on base; New York 4 - Niagara Falls 6
This league is powered by Out of the Park Baseball, the baseball management simulation game for PC, Mac and Linux
Saturday, April 9th, 2016 - OOTP Baseball 16.8 Build 38